 Dungeon Sprint DCSS version 0.23.2-33-g5129a83184 (webtiles) character file.

Game seed: 11354667052702875900

37971 Groucho the Acrobat (level 13, -4/76 HPs)
             Began as a Spriggan Enchanter on July 26, 2019.
             Was the Champion of Wu Jian.
             Slain by a spark wasp (15 damage)
             ... in the Dungeon (Sprint IX: "|||||||||||||||||||||||||||||") on July 29, 2019.
             The game lasted 00:27:18 (7623 turns).

Groucho the Acrobat (Spriggan Enchanter)            Turns: 7623, Time: 00:27:19

Health: -4/76      AC:  7    Str:  4    XL:     13   Next: 61%
Magic:  16/33      EV: 40    Int: 17    God:    Wu Jian [******]
Gold:   439        SH:  0    Dex: 24    Spells: 31/43 levels left

rFire    + . .     SeeInvis +   m - +4 rapier (distort)
rCold    . . .     Gourm    .   (shield restricted)
rNeg     . . .     Faith    .   y - +2 robe {rF+}
rPois    +         Spirit   .   (helmet restricted)
rElec    .         Reflect  .   H - +2 cloak
rCorr    .         Harm     .   (gloves unavailable)
MR       ++...     NoTele   +   (boots unavailable)
Stlth    +++++++++.             (no amulet)
HPRegen  0.22/turn              F - ring of poison resistance
MPRegen  0.23/turn              o - +3 ring of dexterity

@: very quick
A: very small, unfitting armour, see invisible, herbivore, speed 3, slow
metabolism 2
a: Wall Jump, Serpent's Lash, Heavenly Storm, Renounce Religion


You were in the Dungeon.
You worshipped Wu Jian.
Wu Jian was exalted by your worship.
You were full.

You visited 1 branch You collected 1750 gold pieces.
You spent 1311 gold pieces at shops.

Inventory:

Hand Weapons
 a - a +1 dagger
 h - a +3 rapier of venom
 m - a +4 rapier of distortion (weapon)
 G - a +3 quick blade
Missiles
 b - 2 tomahawks (quivered)
Armour
 y - a +2 robe of fire resistance (worn)
 E - a +2 robe of positive energy
 H - a +2 cloak (worn)
Jewellery
 n - a +3 ring of strength
 o - a +3 ring of dexterity (right hand)
 z - an uncursed amulet of faith
 D - an uncursed ring of fire
 F - a ring of poison resistance (left hand)
Wands
 l - a wand of iceblast (8)
Scrolls
 i - 4 scrolls of remove curse
 j - 2 scrolls of blinking
 k - 2 scrolls of amnesia
 s - 2 scrolls of identify
 t - 4 scrolls of enchant armour
 u - 3 scrolls of fog
 w - 2 scrolls of fear
Potions
 c - a potion of invisibility
 e - 8 potions of curing
 g - 4 potions of haste
 p - 2 potions of agility
 q - 2 potions of might
 r - a potion of brilliance
 A - a potion of resistance
 B - a potion of flight
 C - a potion of degeneration {unknown}
Comestibles
 d - 6 rations


   Skills:
 * Level 12.6 Fighting
 * Level 18.5 Short Blades
 * Level 23.0 Dodging
 + Level 22.3 Stealth
 + Level 15.5 Spellcasting
 - Level 14.0 Hexes


You had 31 spell levels left.
You knew the following spells:

 Your Spells              Type           Power        Failure   Level  Hunger
a - Corona                Hex            ######.      0%          1    None
b - Ensorcelled Hibernat  Hex/Ice        #####.       1%          2    None
c - Confuse               Hex            ######..     1%          3    None
d - Dazzling Spray        Conj/Hex       #####.       1%          3    None
e - Tukima's Dance        Hex            ######..     1%          3    None

Your spell library contained the following spells:

 Spells                   Type           Power        Failure   Level  Hunger


Dungeon Overview and Level Annotations

Branches:
Dungeon (1/1)

Altars:
Cheibriados
Dithmenos
Elyvilon
Fedhas
Gozag
Hepliaklqana
Kikubaaqudgha
Makhleb
Nemelex Xobeh
Okawaru
Qazlal
Ru
Sif Muna
Trog
Uskayaw
Vehumet
Wu Jian
Xom
Yredelemnul
Zin
The Shining One
Beogh
Jiyva
Lugonu

Shops:
D =*?!


Innate Abilities, Weirdness & Mutations

You are very small and have problems with some larger weapons.
You are too small for most types of armour.
You have supernaturally acute eyesight. (SInv)
You are a herbivore.
You cover ground extremely quickly.
You need to consume almost no food.


Message History

The spark wasp resists with significant effort.
The spark wasp stings you. The spark wasp shocks you!
The spark wasp misses you.
Casting: Confuse (safe; 1% risk of failure)
Confirm with . or Enter, or press ? or * to list all spells.
Aiming: Confuse (safe; 1% risk of failure)
Press: ? - help, Shift-Dir - straight line, f/p - spark wasp
Aim: a spark wasp (chance to defeat MR: 59%)
The spark wasp resists with significant effort.
The spark wasp completely misses you.
Casting: Confuse (safe; 1% risk of failure)
Confirm with . or Enter, or press ? or * to list all spells.
Aiming: Confuse (safe; 1% risk of failure)
Press: ? - help, Shift-Dir - straight line, f/p - spark wasp
Aim: a spark wasp (chance to defeat MR: 59%)
The spark wasp resists with significant effort.
The spark wasp completely misses you. The spark wasp stings you!!
* * * LOW HITPOINT WARNING * * *
The spark wasp shocks you!
You die...

▓...(......)........)%..........
▓▓▓▓▓▓▓▓▓▓▓▓▓▓▓▓▓▓▓▓▓▓▓▓▓▓▓▓▓▓▓▓
▓.........'........))(...[(.....
▓.▓▓▓▓▓▓▓▓▓▓▓▓▓▓▓▓▓▓▓▓▓▓▓▓▓▓▓▓▓▓
▓...............................
▓▓▓▓▓▓▓▓▓▓▓▓▓▓▓▓▓▓▓▓▓▓▓▓▓▓▓▓▓▓▓▓
▓............'.().(÷÷[.(....[()(
▓.▓▓▓▓▓▓▓▓▓▓▓▓▓▓▓▓▓▓▓▓▓▓▓▓▓▓▓▓▓▓
▓.....)........@y.)......)......
▓▓▓▓▓▓▓▓▓▓▓▓▓▓▓▓▓▓▓▓▓▓▓▓▓▓▓▓▓▓▓▓


You could see a spark wasp.

Vanquished Creatures
  Frances (D)
  Aizul (D)
  A ghost moth (D)
  A stone giant (D)
  A merfolk javelineer (D)
  2 naga warriors (D)
  2 fire dragons (D)
  A spriggan air mage (D)
  An ice dragon (D)
  An alligator (D)
  A ghost crab (D)
  An ogre mage (D)
  Erica (D)
  A merfolk aquamancer (D)
  3 naga sharpshooters (D)
  A tengu warrior (D)
  A hell knight (D)
  Sonja (D)
  Nergalle (D)
  A skeletal warrior (D)
  A sea snake (D)
  An unseen horror (D)
  2 naga ritualists (D)
  3 orc knights (D)
  A cyclops (D)
  An orb spider (D)
  A wolf spider (D)
  2 manticores (D)
  7 orc sorcerers (D)
  A moth of wrath (D)
  3 black mambas (D)
  3 spiny frogs (D)
  Psyche (D)
  A guardian serpent (D)
  A komodo dragon (D)
  A yaktaur (D)
  A demonic crawler (D)
  2 tengu conjurers (D)
  A troll (D)
  A merfolk (D)
  A hornet (D)
  2 polar bears (D)
  A hippogriff (shapeshifter) (D)
  A slime creature (D)
  A bog body (D)
  2 snapping turtles (D)
  3 tarantellas (D)
  2 basilisks (D)
  A yak (shapeshifter) (D)
  5 yaks (D)
  An acid dragon (D)
  2 porcupines (D)
  2 water moccasins (D)
  A swamp drake (D)
  7 black bears (D)
  4 orc warriors (D)
  A crocodile (D)
  2 bullfrogs (D)
  A howler monkey (D)
  2 orc priests (D)
  A jelly (D)
  10 orc wizards (D)
  2 worker ants (D)
  An adder (D)
  A shadow imp (D)
  An adder zombie (D)
  A worm (D)
  9 orcs (D)
  A giant cockroach (D)
  A jackal (D)
  A kobold (D)
  A ball python skeleton (D)
  2 bats (D)
  A jackal skeleton (D)
  A rat (D)
135 creatures vanquished.

Vanquished Creatures (others)
  A ghost moth (D)
  A frost giant (D)
  A hydra (D)
  A rakshasa (D)
  A spatial maelstrom (D)
  A dancing weapon (D)
  An orc warrior (D)
  A swamp drake (D)
8 creatures vanquished.

Grand Total: 143 creatures vanquished

Notes
Turn   | Place    | Note
-------+----------+-------------------------------------------
     0 | D        | Groucho the Spriggan Enchanter began the quest for the Orb.
     0 | D        | Reached XP level 1. HP: 9/9 MP: 5/5
     7 | D        | Reached skill level 5 in Stealth
    11 | D        | Banished a spatial maelstrom
   405 | D        | Noticed a howler monkey
   405 | D        | Noticed a worker ant
   407 | D        | Reached XP level 2. HP: 13/13 MP: 7/7
   417 | D        | Reached skill level 5 in Hexes
   417 | D        | Reached XP level 3. HP: 16/16 MP: 7/9
   434 | D        | Reached skill level 5 in Spellcasting
   434 | D        | Reached XP level 4. HP: 3/21 MP: 9/12
   611 | D        | Found a roughly hewn altar of Beogh.
   611 | D        | Found a snail-covered altar of Cheibriados.
   611 | D        | Found a shadowy altar of Dithmenos.
   611 | D        | Found a white marble altar of Elyvilon.
   611 | D        | Found a blossoming altar of Fedhas.
   611 | D        | Found an opulent altar of Gozag.
   612 | D        | Found a hazy altar of Hepliaklqana.
   613 | D        | Found a viscous altar of Jiyva.
   614 | D        | Found an ancient bone altar of Kikubaaqudgha.
   615 | D        | Found a corrupted altar of Lugonu.
   616 | D        | Found a burning altar of Makhleb.
   617 | D        | Found a sparkling altar of Nemelex Xobeh.
   618 | D        | Found an iron altar of Okawaru.
   619 | D        | Found a stormy altar of Qazlal.
   620 | D        | Found a sacrificial altar of Ru.
   621 | D        | Found a deep blue altar of Sif Muna.
   622 | D        | Found a bloodstained altar of Trog.
   623 | D        | Found a hide-covered altar of Uskayaw.
   624 | D        | Found a radiant altar of Vehumet.
   625 | D        | Found an ornate altar of the Wu Jian Council.
   626 | D        | Found a shimmering altar of Xom.
   627 | D        | Found a basalt altar of Yredelemnul.
   628 | D        | Found a glowing silver altar of Zin.
   629 | D        | Found a glowing golden altar of the Shining One.
   633 | D        | Became a worshipper of the Wu Jian Council
   658 | D        | Noticed a yak
   658 | D        | Noticed a wyvern
   667 | D        | Learned a level 2 spell: Ensorcelled Hibernation
   671 | D        | Learned a level 3 spell: Confuse
   675 | D        | Learned a level 3 spell: Dazzling Spray
   679 | D        | Learned a level 3 spell: Tukima's Dance
   688 | D        | Reached * piety under Wu Jian
   691 | D        | Reached skill level 4 in Dodging
   691 | D        | Reached skill level 10 in Stealth
   695 | D        | Killed a yak
   695 | D        | Reached skill level 6 in Dodging
   695 | D        | Reached XP level 5. HP: 22/26 MP: 9/15
   750 | D        | Noticed an unseen horror
   750 | D        | Noticed a skeletal warrior
   750 | D        | Noticed a troll
   750 | D        | Noticed a yak
   750 | D        | Noticed a crocodile
   751 | D        | Killed a crocodile
   751 | D        | Reached ** piety under Wu Jian
   751 | D        | Reached skill level 5 in Short Blades
   751 | D        | Reached skill level 7 in Dodging
   751 | D        | Reached XP level 6. HP: 32/32 MP: 16/16
   752 | D        | Reached skill level 8 in Dodging
   753 | D        | Killed a yak
   753 | D        | Reached skill level 9 in Dodging
   753 | D        | Reached XP level 7. HP: 36/36 MP: 17/19
   754 | D        | Killed a troll
   754 | D        | Reached skill level 10 in Dodging
  1280 | D        | Killed an unseen horror
  1280 | D        | Reached *** piety under Wu Jian
  1280 | D        | Reached skill level 11 in Dodging
  1280 | D        | Reached XP level 8. HP: 36/42 MP: 13/21
  1340 | D        | Noticed a black mamba
  1341 | D        | Reached skill level 15 in Stealth
  1341 | D        | Reached skill level 12 in Dodging
  1342 | D        | Killed a black mamba
  1342 | D        | Reached skill level 5 in Fighting
  1343 | D        | Reached **** piety under Wu Jian
  1343 | D        | Reached XP level 9. HP: 47/47 MP: 20/23
  1346 | D        | Reached skill level 10 in Short Blades
  1346 | D        | Reached skill level 13 in Dodging
  1347 | D        | Reached skill level 10 in Hexes
  1348 | D        | Reached ***** piety under Wu Jian
  1358 | D        | Noticed a five-headed hydra
  1358 | D        | Noticed a spiny frog
  1358 | D        | Noticed a komodo dragon
  1362 | D        | Killed a komodo dragon
  1364 | D        | Killed a spiny frog
  1364 | D        | Reached skill level 10 in Spellcasting
  1369 | D        | Noticed a black mamba
  1372 | D        | Noticed a spiny frog
  1373 | D        | Reached skill level 14 in Dodging
  1380 | D        | Killed a black mamba
  1382 | D        | Killed a spiny frog
  1382 | D        | Reached XP level 10. HP: 25/53 MP: 20/25
  1656 | D        | Reached ****** piety under Wu Jian
  1659 | D        | Reached skill level 15 in Dodging
  1708 | D        | Noticed Psyche
  1712 | D        | Killed Psyche
  1790 | D        | Noticed a stone giant
  1790 | D        | Noticed an orc knight
  1792 | D        | Killed an orc knight
  2271 | D        | Noticed an orc knight
  2271 | D        | Noticed an orc knight
  2272 | D        | Noticed an orc sorcerer
  2278 | D        | Killed an orc knight
  2281 | D        | Killed an orc knight
  2286 | D        | Killed an orc sorcerer
  2286 | D        | Reached skill level 16 in Dodging
  3298 | D        | Found Negeti's Distillery.
  3298 | D        | Noticed an orc sorcerer
  3298 | D        | Noticed an orc sorcerer
  3299 | D        | Noticed an orc sorcerer
  3304 | D        | Killed an orc sorcerer
  3304 | D        | Reached XP level 11. HP: 58/58 MP: 18/27
  3314 | D        | Noticed a sun demon
  3316 | D        | Killed an orc sorcerer
  3322 | D        | Killed an orc sorcerer
  3325 | D        | Noticed an orc sorcerer
  3326 | D        | Found Oxziwkut's Magic Scroll Shop.
  3328 | D        | Found Faijuwini's General Store.
  3328 | D        | Noticed an orc sorcerer
  3330 | D        | Killed an orc sorcerer
  3332 | D        | Found Faikes's Jewellery Shop.
  3335 | D        | Killed an orc sorcerer
  3335 | D        | Noticed an orc sorcerer
  3336 | D        | Noticed an orc sorcerer
  3347 | D        | Noticed a sun demon
  3361 | D        | Killed an orc sorcerer
  3361 | D        | Reached skill level 17 in Dodging
  3718 | D        | Bought an uncursed amulet of faith for 520 gold pieces
  3722 | D        | Bought a scroll of enchant armour for 105 gold pieces
  3722 | D        | Bought a scroll of identify for 28 gold pieces
  3722 | D        | Bought a scroll of remove curse for 42 gold pieces
  3724 | D        | Bought a potion of heal wounds for 70 gold pieces
  3724 | D        | Bought a potion of curing for 42 gold pieces
  3724 | D        | Bought a potion of curing for 42 gold pieces
  3724 | D        | Bought 2 potions of haste for 280 gold pieces
  3724 | D        | Bought a potion of resistance for 140 gold pieces
  3728 | D        | Bought a potion of flight for 42 gold pieces
  3753 | D        | Noticed Sonja
  3759 | D        | Killed Sonja
  3769 | D        | Noticed Erica
  3878 | D        | Killed Erica
  4048 | D        | Identified the +8 great mace "Kone" {flame, Int+3}
  4131 | D        | Noticed an ogre mage
  4138 | D        | Noticed an ice dragon
  4142 | D        | Noticed a tengu warrior
  4146 | D        | Killed an ogre mage
  4146 | D        | Reached skill level 18 in Dodging
  4146 | D        | Noticed a rakshasa
  4151 | D        | Killed a tengu warrior
  4152 | D        | Noticed a fire dragon
  4162 | D        | Killed an ice dragon
  4170 | D        | Banished a rakshasa
  4313 | D        | Killed a fire dragon
  4313 | D        | Reached skill level 15 in Short Blades
  4313 | D        | Reached skill level 19 in Dodging
  4320 | D        | Reached XP level 12. HP: 33/65 MP: 15/30
  4878 | D        | Noticed a ghost moth
  4880 | D        | Noticed a ghost moth
  4883 | D        | Killed a ghost moth
  5138 | D        | Banished a ghost moth
  5138 | D        | Reached skill level 20 in Dodging
  5169 | D        | Noticed an eight-headed hydra
  5169 | D        | Noticed an alligator
  5169 | D        | Noticed a ghost crab
  5177 | D        | Noticed a thorn hunter
  5178 | D        | Killed a ghost crab
  5180 | D        | Killed an alligator
  5180 | D        | Reached skill level 10 in Fighting
  5184 | D        | Banished an eight-headed hydra
  5465 | D        | Noticed a naga warrior
  5465 | D        | Noticed a naga warrior
  5468 | D        | Killed a naga warrior
  5469 | D        | Reached skill level 21 in Dodging
  5475 | D        | Killed a naga warrior
  5907 | D        | Noticed a satyr
  5907 | D        | Noticed a merfolk aquamancer
  5908 | D        | Noticed a merfolk javelineer
  5909 | D        | Killed a merfolk aquamancer
  5909 | D        | Reached XP level 13. HP: 74/74 MP: 32/32
  5923 | D        | Killed a merfolk javelineer
  6270 | D        | Noticed Nergalle
  6274 | D        | Killed Nergalle
  6286 | D        | Reached skill level 22 in Dodging
  6316 | D        | Noticed Aizul
  6318 | D        | Noticed Frances
  6322 | D        | Killed Aizul
  6322 | D        | Reached skill level 15 in Spellcasting
  6324 | D        | Killed Frances
  6356 | D        | Noticed a frost giant
  6356 | D        | Noticed a fire dragon
  6356 | D        | Noticed a stone giant
  6604 | D        | Killed a fire dragon
  6734 | D        | Banished a frost giant
  6746 | D        | Killed a stone giant
  6760 | D        | Noticed a brown very ugly thing
  7269 | D        | Reached skill level 23 in Dodging
  7611 | D        | Noticed a spark wasp
  7623 | D        | Slain by a spark wasp

Skill      XL: |  1  2  3  4  5  6  7  8  9 10 11 12 13 |
---------------+----------------------------------------+-----
Stealth        | 6 8 9 11 12 13 14 15 17 19 20 21 22 | 22.3
Hexes          | 4 5 6 7 8 9 11 13 14 | 14.0
Spellcasting   | 3 4 5 6 7 8 9 10 11 13 14 15 | 15.5
Short Blades   | 4 5 6 8 9 11 12 15 17 18 | 18.5
Dodging        | 6 7 9 11 12 14 16 19 21 23 | 23.0
Fighting       | 2 3 4 5 6 7 8 11 12 | 12.6

Action                   |  1- 3 |  4- 6 |  7- 9 | 10-12 | 13-15 || total
-------------------------+-------+-------+-------+-------+-------++-------
Melee: Dagger            |    48 |    24 |       |       |       ||    72
       Rapier            |       |    13 |    27 |   177 |    50 ||   267
 Cast: Ensorcelled Hiber |       |     5 |    16 |    67 |    16 ||   104
       Confuse           |       |     2 |     3 |    22 |    16 ||    43
       Tukima's Dance    |       |       |     4 |       |       ||     4
       Dazzling Spray    |       |       |     1 |     7 |    14 ||    22
Invok: Lunge             |       |     3 |    11 |    63 |    21 ||    98
       Serpent's Lash    |       |       |     1 |     7 |       ||     8
       Heavenly Storm    |       |       |       |     1 |       ||     1
Evoke: Wand              |       |       |       |       |     2 ||     2
  Use: Potion            |     1 |     2 |     2 |    10 |     2 ||    17
       Scroll            |       |       |       |     3 |     1 ||     4
 Stab: Sleeping          |     3 |     7 |    18 |    51 |    10 ||    89
       Confused          |       |     1 |       |     9 |     5 ||    15
       Distracted        |       |       |       |     4 |     4 ||     8
       Invisible         |       |       |       |     3 |       ||     3
  Eat: Ration            |       |       |       |     4 |     1 ||     5
Armor: Robe              |     4 |     5 |       |     2 |     2 ||    13
Dodge: Dodged            |    35 |    49 |    12 |   107 |    52 ||   255
